 Dungeon Crawl Stone Soup version 0.20.0-15-g7f486f2 (webtiles) character file.

30 Zachthehappycat the Grasshopper (level 3, -1/18 HPs)
             Began as a Spriggan Warper on June 29, 2017.
             Slain by an adder (5 damage)
             ... on level 2 of the Dungeon.
             The game lasted 00:06:11 (2007 turns).

Zachthehappycat the Grasshopper (Spriggan Warper)   Turns: 2007, Time: 00:06:12

Health: -1/18      AC:  2    Str:  7    XL:     3   Next: 5%
Magic:  1/8        EV: 19    Int: 14    God:
Gold:   115        SH:  0    Dex: 16    Spells: 6/8 levels left

rFire    . . .     SeeInvis +   a - +0 falchion
rCold    . . .     Gourm    .   (shield restricted)
rNeg     . . .     Faith    .   b - +0 robe
rPois    .         Spirit   .   (helmet restricted)
rElec    .         Reflect  .   (no cloak)
rCorr    .         Harm     .   (gloves unavailable)
MR       .....                  (boots unavailable)
Stlth    ++........             (no amulet)
Regen    0.1/turn               (no ring)
MPRegen  0.2/turn               (no ring)

@: very quick
A: unfitting armour, see invisible, herbivore 3, speed 3, slow metabolism 2
a: no special abilities


You were on level 2 of the Dungeon.
You were not hungry.

You visited 1 branch of the dungeon, and saw 2 of its levels.

You collected 115 gold pieces.

Inventory:

Hand Weapons
 a - a +0 falchion (weapon)
Missiles
 e - 5 tomahawks of dispersal (quivered)
 k - 31 stones
Armour
 b - a +0 robe (worn)
Jewellery
 h - an uncursed amulet of rage {unknown}
Scrolls
 d - a scroll of blinking
Potions
 g - 3 potions of haste
 i - a potion of might {unknown}
 j - a potion of degeneration {unknown}
Books
 c - a book of Spatial Translocations

   Spells                             Type                      Level
   a - Blink                          Translocation                2
   b - Shroud of Golubria             Charms/Translocation         2
   c - Lesser Beckoning               Translocation                3
   d - Gell's Gravitas                Translocation                3
   e - Teleport Other                 Translocation                3
   f - Passage of Golubria            Translocation                4
Comestibles
 f - a bread ration


   Skills:
 + Level 1.8 Fighting
 + Level 2.0 Long Blades
 + Level 1.0 Throwing
 + Level 4.1 Dodging
 + Level 0.9 Stealth
 + Level 3.1 Spellcasting
 + Level 4.4 Translocations


You had 6 spell levels left.
You knew the following spells:

 Your Spells              Type           Power        Failure   Level  Hunger
a - Blink                 Tloc           N/A          5%          2    ##.....


Dungeon Overview and Level Annotations

Branches:
Dungeon (2/15)

Altars:


Innate Abilities, Weirdness & Mutations

You are very small and have problems with some larger weapons.
You are too small for most types of armour.
You have supernaturally acute eyesight. (SInv)
You are a herbivore.
You cover ground extremely quickly.
You need consume almost no food.


Message History

The adder is heavily wounded.
The worm closely misses you.
You riposte.
You hit the worm.
The worm is moderately wounded.
The frilled lizard bites you but does no damage.
The adder misses you. The rat completely misses you.
Casting: Blink
Confirm with . or Enter, or press ? or * to list all spells.
You blink.
Found an escape hatch in the ceiling.
Found a fizzy dark potion.
There is an escape hatch in the ceiling here.
Found 8 gold pieces.
Found a club.
j - a fizzy dark potion A bat comes into view.
You see here 8 gold pieces.
Casting: Blink
Confirm with . or Enter, or press ? or * to list all spells.
You blink.
The adder barely misses you. The adder bites you.
You die...

#..##§....... ..
##....#######
##.## .####g####
#...
.?...wl..#####
#..
.....###Sr.r.#
#.# ###...
#####.# ######§#
####.
#g###......# #.
#...Sr#.b### #.
#.#l.@....#
.....###...#....
......
#.######..
######....# ..
##..# . #.)#
.... ###.


You could see an adder, a goblin, a bat, a frilled lizard and a rat.

Vanquished Creatures
  3 bats (D:1)
  3 giant cockroaches (D:1)
  3 goblins (D:1)
  3 hobgoblins (D:1)
  3 jackals (D:1)
  4 kobolds (D:1)
  A frilled lizard (D:1)
  6 rats
  A fungus (D:1)
  A plant (D:1)
28 creatures vanquished.

Notes
Turn   | Place    | Note
-------+----------+-------------------------------------------
     0 | D:1      | Zachthehappycat the Spriggan Warper began the quest for the Orb.
     0 | D:1      | Reached XP level 1. HP: 10/10 MP: 5/5
   416 | D:1      | Reached XP level 2. HP: 12/15 MP: 7/7
   614 | D:1      | Learned a level 2 spell: Blink
  1578 | D:1      | Reached XP level 3. HP: 18/18 MP: 8/8
  2007 | D:2      | Slain by an adder

Skill      XL: |  1  2 |
---------------+-------+-----
Spellcasting   | 3 |  3.1
Dodging        | 4 |  4.1
Long Blades    | 2 |  2.0
Fighting       | |  1.8
Throwing       | |  1.0
Stealth        | |  0.9
Translocations | |  4.4

Action                   || total
-------------------------++-------
Melee: Falchion          ||   184
 Cast: Blink             ||     4
 Stab: Sleeping          ||     1
Armor: Robe              ||    18
Dodge: Dodged            ||   119
       Rpst.: Falchion   ||    40
